 Dungeon Crawl Stone Soup version 0.28.0-53-g5a82cb258f (webtiles) character file.

Game seed: 5203381636063117470

171 MiltankisOP the Changer (level 5, -3/40 HPs)
             Began as a Draconian Transmuter on June 19, 2022.
             Slain by a sky beast (5 damage)
             ... on level 4 of the Dungeon.
             The game lasted 00:04:07 (3163 turns).

MiltankisOP the Changer (Draconian Transmuter)      Turns: 3163, Time: 00:04:09

Health: -3/40      AC:  5    Str: 12    XL:     5   Next: 26%
Magic:  8/8        EV: 12    Int: 15    God:
Gold:   148        SH:  0    Dex: 12    Spells: 7/8 levels left

rFire   . . .      SeeInvis .   e - +4 dagger (speed)
rCold   . . .      Faith    .   (no shield)
rNeg    . . .      Spirit   .   (armour unavailable)
rPois   .          Reflect  .   (helmet currently unavailable)
rElec   .          Harm     .   (no cloak)
rCorr   .          Rampage  .   (no gloves)
Will    .....                   (boots currently unavailable)
Stlth   +.........              (no amulet)
HPRegen 0.13/turn               (no ring)
MPRegen 0.11/turn               (no ring)

@: appendages
A: horns 2, talons 2, AC +5, unfitting armour, cold-blooded
a: End Transformation


You were on level 4 of the Dungeon.
You had temporarily grown beastly horns and talons.
You visited 1 branch of the dungeon, and saw 4 of its levels.

You collected 148 gold pieces.

Inventory:

Hand Weapons
 e - a +4 dagger of speed (weapon)
Armour
 h - a +0 hat (melded)
Scrolls
 a - 3 scrolls of teleportation {unknown}
 b - 2 scrolls of identify {unknown}
 c - 3 scrolls of noise {unknown}
 g - a scroll of vulnerability {unknown}
 j - a scroll of fog {unknown}
Potions
 d - 4 potions of curing {unknown}
 f - 2 potions of haste {unknown}
 i - a potion of might {unknown}


   Skills:
 - Level 1.2 Fighting
 - Level 1.8 Dodging
 - Level 3.0 Unarmed Combat
 - Level 2.0 Spellcasting
 + Level 5.4 Transmutations


You had 7 spell levels left.
You knew the following spells:

 Your Spells              Type           Power      Damage    Failure   Level
a - Beastly Appendage     Tmut           34%        N/A       2%          1

Your spell library contained the following spells:

 Spells                   Type           Power      Damage    Failure   Level
 Wereblood                Tmut           17%        N/A       3%          2
 Shock                    Conj/Air       4%         1d3       22%         1
 Spider Form              Tmut/Pois      9%         N/A       22%         3
 Swiftness                Air            1%         N/A       54%         3
 Ice Form                 Ice/Tmut       9%         N/A       58%         4
 Airstrike                Air            0%         N/A       91%         4


Dungeon Overview and Level Annotations

Branches:
Dungeon (4/15)
 Temple: D:4-7

Altars:


Innate Abilities, Weirdness & Mutations

You have temporarily grown beastly horns and talons.
Your plain brown scales are hard. (AC +5)
You cannot fit into any form of body armour.
You are cold-blooded and may be slowed by cold attacks.


Message History

Your +0 hat unmelds from your body.
You see here a +0 long sword.
j - a scroll labelled FALEYK HOATUF A sky beast comes into view.
A sky beast is nearby!
Casting: Beastly Appendage (safe; 2% risk of failure)
Confirm with . or Enter, or press ? or * to list all spells.
You grow a pair of large bovine horns.
Your feet morph into talons.
Your +0 hat melds into your body.
You hit the sky beast. You headbutt the sky beast!
The sky beast is heavily wounded.
The sky beast flickers out of sight!
Deactivating autopickup; reactivate with Ctrl-A.
Something hits you but does no damage.
You hit something. Your kick misses something. You miss something.
Your kick misses something. Your headbutt misses something.
Something hits you but does no damage.
You miss something. Your kick misses something. Something hits you.
Something shocks you.
You miss something. Your kick misses something. Your headbutt misses something.
Your punch misses something. You closely miss something.
Your kick misses something.
Your tail-slap misses something.
Something hits you. Something shocks you.
You barely miss something.
Your tail-slap misses something.
Something hits you. Something shocks you.
You closely miss something. Your kick misses something. You hit something.
Your kick misses something. Something hits you. Something shocks you.
* * * LOW HITPOINT WARNING * * *
You barely miss something. Your kick misses something.
Your headbutt misses something. Something hits you but does no damage.
You hit something. Your kick misses something. You completely miss something.
Your kick misses something. Something hits you.
* * * LOW HITPOINT WARNING * * *
Something shocks you.
* * * LOW HITPOINT WARNING * * *
You miss something. Your kick misses something. Something hits you.
* * * LOW HITPOINT WARNING * * *
Something shocks you.
You die...

#...# #.###...#####
#.....$......
#.#.#####
###........
#...#.##### #.#.#.#
#.#{#.# #.#@#.# #
#.#.#.##
.####.#......# ##
........#.#..# .# .
#####...#.#..#
#.##..
#####.#..#####......
#.#.........#...
###.#......†......
#..)..##...........#


There were no monsters in sight!

Vanquished Creatures
  A jelly (D:4)
  4 adders
  2 gnolls (D:4)
  An ufetubus (D:4)
  A worm (D:3)
  4 dart slugs
  2 orcs
  5 bats
  7 endoplasms
  2 giant cockroaches
  4 goblins
  6 hobgoblins
  3 jackals (D:2)
  A kobold (D:1)
  4 quokkas
  6 ball pythons
  8 frilled lizards
  9 rats
70 creatures vanquished.

Vanquished Creatures (others)
  4 plants (D:2)
4 creatures vanquished.

Grand Total: 74 creatures vanquished

Notes
Turn   | Place    | Note
-------+----------+-------------------------------------------
     0 | D:1      | MiltankisOP the Draconian Transmuter began the quest for
                  | the Orb.
     0 | D:1      | Reached XP level 1. HP: 16/16 MP: 3/3
   141 | D:1      | Reached XP level 2. HP: 21/23 MP: 5/5
   249 | D:1      | Found a faded altar of an unknown god.
   441 | D:1      | Reached skill level 3 in Transmutations
  1157 | D:1      | Reached XP level 3. HP: 26/28 MP: 4/6
  1495 | D:2      | Reached skill level 4 in Transmutations
  1703 | D:2      | Reached XP level 4. HP: 34/35 MP: 7/7
  2879 | D:4      | Reached skill level 5 in Transmutations
  2884 | D:4      | Reached XP level 5. HP: 29/40 MP: 6/8
  3139 | D:4      | Noticed a sky beast
  3163 | D:4      | HP: 2/40 [something (2)]
  3163 | D:4      | Slain by a sky beast

Illustrated notes

Levels and vault maps discovered:
D:1:      dpeg_arrival_prison, layout_loops_corners,
          nicolae_ecumenical_lake_church, chequers_serial_rivers_small_3
D:2:      layout_rooms, st_stairs_14, minmay_lizard_king
D:3:      layout_rooms, serial_forest, infiniplex_forest_lined_3,
          infiniplex_forest_lined_2, infiniplex_forest_end_2,
          infiniplex_forest_clump_tiny, infiniplex_forest_3_way,
          infiniplex_forest_lined_corner, infiniplex_forest_lined_room_2
D:4:      layout_basic, slow_altar_2

Skill      XL: |  1  2  3  4 |
---------------+-------------+-----
Transmutations | 3 4 5 |  5.4
Fighting       | |  1.2
Dodging        | |  1.8
Unarmed Combat | |  3.0
Spellcasting   | |  2.0

Action                   |  1- 3 |  4- 6 || total
-------------------------+-------+-------++-------
Melee: Unarmed           |    56 |       ||    56
       Kick              |    14 |     6 ||    20
       Tailslap          |     4 |     6 ||    10
       Headbutt          |     5 |     7 ||    12
       Dagger            |    38 |    95 ||   133
       Punch             |     2 |     2 ||     4
 Cast: Beastly Appendage |    21 |     7 ||    28
Armor: Skin              |    26 |    11 ||    37
Dodge: Dodged            |    44 |    39 ||    83
